 Dungeon Sprint DCSS version 0.29-a0-97-g88c9fad16d (webtiles) character file.

Game seed: 592019530852174917

876 mhtbhm the Basher (level 8, -3/60 HPs)
             Began as a Kobold Berserker on Feb 13, 2022.
             Was a High Priest of Trog.
             Slain by a catoblepas (13 damage)
             ... while petrified by a catoblepas
             ... in the Dungeon (Sprint IX: "|||||||||||||||||||||||||||||").
             The game lasted 00:02:03 (1001 turns).

mhtbhm the Basher (Kobold Berserker)                Turns: 1001, Time: 00:02:03

Health: -3/60      AC:  7    Str: 16    XL:     8   Next: 25%
Magic:  8/8        EV:  3    Int:  9    God:    Trog [*****.]
Gold:   0          SH:  0    Dex: 14    Spells: 7/7 levels left

rFire   . . .      SeeInvis .   a - +0 mace
rCold   . . .      Faith    .   (no shield)
rNeg    + + +      Spirit   .   b - +0 troll leather armour
rPois   ∞          Reflect  .   (no helmet)
rElec   .          Harm     .   k - +0 cloak
rCorr   .          Rampage  .   (no gloves)
Will    .....      NoTele   +   l - +0 pair of boots
Stlth   ++........              (no amulet)
HPRegen 1.00/turn               (no ring)
MPRegen 0.11/turn               (no ring)

@: petrified
A: small, no large weapons, nightstalker 3
a: Renounce Religion, Berserk, Trog's Hand, Brothers in Arms


You were in the Dungeon.
You worshipped Trog.
Trog was extremely pleased with you.
You visited 1 branch

Inventory:

Hand Weapons
 a - a +0 mace (weapon)
Armour
 b - a +0 troll leather armour (worn)
 k - a +0 cloak (worn)
 l - a +0 pair of boots (worn)
Jewellery
 m - a +2 ring of protection
 n - a +2 ring of evasion
Wands
 j - a wand of acid (7)
Scrolls
 h - a scroll of blinking
Potions
 c - 5 potions of curing
 d - 3 potions of heal wounds
 e - a potion of haste
 f - 4 potions of magic
 g - a potion of berserk rage
 i - a potion of invisibility


   Skills:
 + Level 11.1 Fighting
 + Level 11.2 Maces & Flails
 + Level 4.2 Armour
 + Level 7.6 Dodging
 + Level 0.2 Evocations


You had 7 spell levels left.
You didn't know any spells.
Your spell library was empty.

Dungeon Overview and Level Annotations

Branches:
Dungeon (1/1)

Altars:
Cheibriados
Dithmenos
Elyvilon
Fedhas
Gozag
Hepliaklqana
Kikubaaqudgha
Makhleb
Nemelex Xobeh
Okawaru
Qazlal
Ru
Sif Muna
Trog
Uskayaw
Vehumet
Wu Jian
Xom
Yredelemnul
Zin
The Shining One
Beogh
Jiyva
Lugonu


Innate Abilities, Weirdness & Mutations

You are small and have problems with some larger weapons.
You are completely attuned to the shadows.


Message History

You are engulfed in calcifying dust.
Unknown command.
You are engulfed in calcifying dust.
You are slowing down.
Unknown command.
Your limbs are stiffening.
Unknown command.
Blink to where?
Press: ? - help, Dir - move target
As you read the scroll of blinking, it crumbles to dust.
You have turned to stone.
The efreet stops moving altogether!
The catoblepas gores you! The catoblepas gores you!!
The catoblepas gores you! x2
The catoblepas breathes a plume of calcifying dust at you.
The blast of calcifying dust hits you.
You turn to flesh and can move again.
Unknown command.
Unknown command.
Unknown command.
Unknown command.
Okay, then.
You are engulfed in calcifying dust.
You are slowing down.
Unknown command.
You are engulfed in calcifying dust.
Your limbs have turned to stone.
The catoblepas breathes a plume of calcifying dust at you.
The blast of calcifying dust hits you.
You have turned to stone.
You are engulfed in calcifying dust.
The catoblepas breathes a plume of calcifying dust at you.
The blast of calcifying dust hits you.
You are engulfed in calcifying dust.
The catoblepas breathes a plume of calcifying dust at you.
The blast of calcifying dust hits you.
You are engulfed in calcifying dust.
The catoblepas gores you!!
* * * LOW HITPOINT WARNING * * *
The catoblepas gores you!
* * * LOW HITPOINT WARNING * * *
The catoblepas gores you!!
You die...

▓§▓
▓○▓
▓R▓
▓☼▓
▓☼▓
▓○▓
▓R▓
▓Y▓
▓@▓
▓.▓
▓§▓
▓.▓
▓)▓
▓?▓
▓.▓
▓'▓
▓_▓


You could see a catoblepas and an efreet.

Vanquished Creatures
  A kobold demonologist (D)
  A troll (D)
  An orc warrior (D)
  An ice beast (D)
  A scorpion (D)
  A jelly (D)
  A hound (D)
  An orc priest (D)
  A gnoll shaman (D)
  An orc wizard (D)
  A dart slug (D)
  A giant cockroach (D)
  2 hobgoblins (D)
  A kobold (D)
  A giant cockroach zombie (D)
16 creatures vanquished.

Notes
Turn   | Place    | Note
-------+----------+-------------------------------------------
     0 | D        | mhtbhm the Kobold Berserker began the quest for the Orb.
     0 | D        | Reached XP level 1. HP: 14/14 MP: 1/1
    13 | D        | Reached ** piety under Trog
    19 | D        | Reached XP level 2. HP: 14/20 MP: 2/2
   216 | D        | Noticed a scorpion
   220 | D        | Reached skill level 5 in Fighting
   220 | D        | Reached XP level 3. HP: 26/26 MP: 3/3
   221 | D        | Noticed an ice beast
   228 | D        | Reached *** piety under Trog
   229 | D        | Reached skill level 5 in Maces & Flails
   229 | D        | Reached XP level 4. HP: 22/32 MP: 4/4
   230 | D        | Killed a scorpion
   231 | D        | Reached XP level 5. HP: 26/38 MP: 5/5
   492 | D        | Killed an ice beast
   493 | D        | Reached skill level 5 in Dodging
   493 | D        | Reached XP level 6. HP: 40/45 MP: 6/6
   601 | D        | Found a snail-covered altar of Cheibriados.
   601 | D        | Found a shadowy altar of Dithmenos.
   602 | D        | Found a white marble altar of Elyvilon.
   603 | D        | Found a blossoming altar of Fedhas.
   604 | D        | Found an opulent altar of Gozag.
   605 | D        | Found a hazy altar of Hepliaklqana.
   606 | D        | Found a viscous altar of Jiyva.
   607 | D        | Found an ancient bone altar of Kikubaaqudgha.
   608 | D        | Found a corrupted altar of Lugonu.
   609 | D        | Found a burning altar of Makhleb.
   610 | D        | Found a sparkling altar of Nemelex Xobeh.
   611 | D        | Found an iron altar of Okawaru.
   612 | D        | Found a stormy altar of Qazlal.
   613 | D        | Found a sacrificial altar of Ru.
   614 | D        | Found a shimmering blue altar of Sif Muna.
   615 | D        | Found a bloodstained altar of Trog.
   616 | D        | Found a hide-covered altar of Uskayaw.
   617 | D        | Found a radiant altar of Vehumet.
   618 | D        | Found an ornate altar of the Wu Jian Council.
   619 | D        | Found a shimmering altar of Xom.
   620 | D        | Found a basalt altar of Yredelemnul.
   621 | D        | Found a glowing silver altar of Zin.
   622 | D        | Found a glowing golden altar of the Shining One.
   657 | D        | Noticed a kobold demonologist
   659 | D        | Noticed a rust devil
   666 | D        | Killed a kobold demonologist
   666 | D        | Reached **** piety under Trog
   667 | D        | Reached XP level 7. HP: 52/52 MP: 7/7
   672 | D        | Noticed a troll
   674 | D        | Reached skill level 10 in Fighting
   674 | D        | Reached skill level 10 in Maces & Flails
   751 | D        | Killed a troll
   752 | D        | Reached XP level 8. HP: 23/59 MP: 8/8
   762 | D        | Reached ***** piety under Trog
   981 | D        | Noticed a cyclops
   981 | D        | Noticed an efreet
   981 | D        | Noticed a catoblepas
  1001 | D        | Slain by a catoblepas

Illustrated notes

Levels and vault maps discovered:
D:        linesprint [early_d, line_temple, items_1, d_10, items_2, lair_1,
          lair_end, items_3, orc_1, orc_end, items_4, d_15, swamp_1, shoals_1,
          snake_1, spider_1, d_20, vaults_1, items_5, swamp_end, shoals_end,
          snake_end, spider_end, vaults_end, d_27, items_6, zot_1, zot_end,
          crypt_end, forest_end, elf_end, slime_end, tomb_end, abyss_end,
          pan_hell_end]

Skill      XL: |  1  2  3  4  5  6  7  8 |
---------------+-------------------------+-----
Maces & Flails | 3 4 5 6 8 9 11 | 11.2
Fighting       | 4 5 7 8 9 10 11 | 11.1
Armour         | 2 3 4 |  4.2
Dodging        | 3 4 5 6 7 |  7.6
Evocations     | |  0.2

Action                   |  1- 3 |  4- 6 |  7- 9 || total
-------------------------+-------+-------+-------++-------
Melee: Mace              |    27 |    14 |    22 ||    63
       Punch             |     1 |     2 |       ||     3
Invok: Berserk           |     1 |     2 |     1 ||     4
Evoke: Wand              |       |       |     3 ||     3
  Use: Scroll            |       |       |     1 ||     1
Armor: Animal skin       |     1 |       |       ||     1
       Leather armour    |       |     1 |       ||     1
Dodge: Dodged            |    12 |     7 |    16 ||    35

Table legend: (Time is in decaauts)
 A = Elapsed time spent in this place.
 B = Non-inter-level travel time spent in this place.
 C = Inter-level travel time spent in this place.
 D = Time resting spent in this place.
 E = Time spent auto-exploring this place.
 F = Levels seen in this place.
 G = Mean time per level.
                   A        B        C        D        E       F      G
               +--------+--------+--------+--------+--------+-----+--------+
         Total |   1041 |   1041 |      0 |    817 |      3 |   1 | 1041.0 |
       Dungeon |   1041 |   1041 |      0 |    817 |      3 |   1 | 1041.0 |
               +--------+--------+--------+--------+--------+-----+--------+

Top non-repeatable levels by time:
       D: 1041 daAuts
